 Dungeon Crawl Stone Soup version 0.30-a0-715-gdb4ae3ece1 (webtiles) character file.

Game seed: 12169935672876341834

89 tilp the Covered (level 5, 0/46 HPs)
             Began as a Meteoran Fighter on Jan 24, 2023.
             Slain by a hobgoblin (3 damage)
             ... on level 3 of the Dungeon.
             The game lasted 00:04:31 (900 turns).

tilp the Covered (Meteoran Fighter)                  Turns: 900, Time: 00:04:32

Health: 0/46       AC: 11    Str: 18    XL:     5   Next: 10%
Magic:  6/6        EV:  6    Int:  9    God:
Gold:   48         SH:  5    Dex: 15    Spells: 4/4 levels left

rFire   . . .      SeeInvis .    a - +0 long sword
rCold   . . .      Faith    .    c - +0 buckler
rNeg    . . .      Spirit   .    m - +0 plate armour
rPois   .          Reflect  .    (no helmet)
rElec   .          Harm     .    (no cloak)
rCorr   .          Rampage  .    (no gloves)
Will    .....                    (no boots) Stlth
                                 (no amulet)
HPRegen 0.27/turn                (no ring)
MPRegen 0.10/turn                (no ring)

@: mighty, glowing
A: sense surroundings 1, otherworldly, glowing, explore regen
a: no special abilities


You were on level 3 of the Dungeon.
You visited 1 branch of the dungeon, and saw 4 of its levels.

You collected 74 gold pieces.
You spent 26 gold pieces at shops.

Inventory:

Hand Weapons
 a - a +0 long sword (weapon)
Missiles
 g - 34 stones (quivered)
 l - 3 javelins
Armour
 b - a +0 scale mail
 c - a +0 buckler (worn)
 m - a +0 plate armour (worn)
Jewellery
 i - a ring of magical power
Scrolls
 f - 3 scrolls of teleportation {unknown}
 j - a scroll of fear {unknown}
 n - a scroll of acquirement {unknown}
Potions
 e - a potion of lignification
 h - a potion of degeneration
 k - a potion of magic
 o - a potion of mutation {unknown}


   Skills:
 + Level 3.7 Fighting
 + Level 3.1 Long Blades
 + Level 1.0 Throwing
 - Level 4.0 Armour
 * Level 2.4 Dodging
 + Level 1.0 Stealth
 - Level 4.0 Shields


You had 4 spell levels left.
You didn't know any spells.
Your spell library was empty.

Dungeon Overview and Level Annotations

Branches:
Dungeon (4/15) Zot: 1453
 Temple: D:4-7

Altars:
Xom

Shops:
D:2 ?

Annotations:
D:3 Grinder


Innate Abilities, Weirdness & Mutations

You passively map a small area around you.
You are easily found by Zot.
You glow in the dark.
You regain HP and MP as you explore.


Message History

Unknown command.
Unknown command.
You slash Grinder!
Grinder is heavily wounded.
The hobgoblin barely misses you. Grinder hits you.
You writhe in agony.
You slash Grinder!
Grinder is severely wounded.
The hobgoblin barely misses you. Grinder hits you!
* * * LOW HITPOINT WARNING * * *
You writhe in agony.
* * * LOW HITPOINT WARNING * * *
Grinder gestures at you. Pain shoots through your body!
* * * LOW HITPOINT WARNING * * *
The hobgoblin hits you but does no damage.
Unknown command.
You slash Grinder!
Grinder is almost dead.
The hobgoblin hits you but does no damage.
Grinder hits you.
* * * LOW HITPOINT WARNING * * *
You writhe in agony.
* * * LOW HITPOINT WARNING * * *
Unknown command.
You barely miss Grinder.
Grinder is almost dead.
The hobgoblin barely misses you. Grinder gestures at you.
You resist with some effort.
You are too injured to fight recklessly!
You barely miss Grinder.
Grinder is almost dead.
The hobgoblin hits you but does no damage.
Grinder drinks a potion.
Grinder is healed!
Grinder hits you but does no damage.
The hobgoblin hits you but does no damage.
You barely miss Grinder.
Grinder is severely wounded.
The hobgoblin hits you.
You die...

########.......).......<.....#
.............................#
###.........####.##.....>....#
#........## #.............#
####.#....# #..#..........# *
#.#....# #.........##### *
#......####.##.....##
###....##.5.#....#.# ,
#.......g@.....#.# ,
.....#.####....#.# ,
........,......#.### ### ...
,#.....†...# #.. .. ,
,,.....##...#####.. , . ,
)#................ , ,
.......##..#.##..###.. * ,
...........#.###..#### ###...
....#.....###.#.# ##.....


You could see Grinder and a hobgoblin.

Vanquished Creatures
  A gnoll (D:3)
  2 adders
  2 worms (D:2)
  A dart slug (D:3)
  3 orcs
  7 bats
  3 endoplasms
  A giant cockroach (D:3)
  7 goblins
  8 kobolds
  A quokka (D:3)
  7 ball pythons
  5 frilled lizards
  3 rats
51 creatures vanquished.

Notes
Turn   | Place    | Note
-------+----------+-------------------------------------------
     0 | D:1      | tilp the Meteoran Fighter began the quest for the Orb.
     0 | D:1      | Reached XP level 1. HP: 19/19 MP: 2/2
    58 | D:1      | Reached XP level 2. HP: 26/26 MP: 3/3
   168 | D:1      | Reached skill level 1 in Dodging
   287 | D:1      | Reached XP level 3. HP: 31/31 MP: 4/4
   445 | D:2      | Reached XP level 4. HP: 22/38 MP: 5/5
   490 | D:2      | Found The Oracle's Delphic Readings.
   512 | D:2      | Bought a scroll of identify for 26 gold pieces
   761 | D:3      | Reached XP level 5. HP: 41/46 MP: 6/6
   783 | D:3      | Reached skill level 1 in Stealth
   809 | D:3      | Found a shimmering altar of Xom.
   832 | D:3      | Reached skill level 1 in Throwing
   886 | D:3      | Noticed Grinder
   897 | D:3      | HP: 2/46 [Grinder (2)]
   900 | D:3      | Slain by a hobgoblin

Illustrated notes

Levels and vault maps discovered:
D:1:      dpeg_arrival_another_circle, layout_basic
D:2:      layout_basic, basic_altar, shapermc_ecumenical_altar_pompeii,
          nicolae_nh_oracle_at_delphi
D:3:      layout_rooms, xom_redecorated, uniq_grinder
D:4:      layout_cave_pods, lemuel_tele_altar, minmay_temple_entry_mini_moons,
          minmay_mini_jars, uniq_edmund

Skill      XL: |  1  2  3  4  5 |
---------------+----------------+-----
Dodging        | 1 2 |  2.4
Armour         | 4 |  4.0
Long Blades    | 3 |  3.1
Shields        | 4 |  4.0
Stealth        | 1 |  1.0
Throwing       | 1 |  1.0
Fighting       | |  3.7

Action                     |  1- 3 |  4- 6 || total
---------------------------+-------+-------++-------
  Melee: Long sword        |    81 |    62 ||   143
  Throw: Stone             |     3 |       ||     3
    Use: Scroll            |       |     3 ||     3
         Potion            |       |     1 ||     1
 Armour: Scale mail        |    40 |    15 ||    55
         Plate armour      |       |    17 ||    17
  Dodge: Dodged            |    33 |    27 ||    60
  Block: Buckler           |    26 |    22 ||    48

Table legend: (Time is in decaauts)
 A = Elapsed time spent in this place.
 B = Non-inter-level travel time spent in this place.
 C = Inter-level travel time spent in this place.
 D = Time resting spent in this place.
 E = Time spent auto-exploring this place.
 F = Levels seen in this place.
 G = Mean time per level.
                   A        B        C        D        E       F      G
               +--------+--------+--------+--------+--------+-----+--------+
         Total |    945 |    880 |     65 |      0 |      0 |   4 |  236.2 |
       Dungeon |    945 |    880 |     65 |      0 |      0 |   4 |  236.2 |
               +--------+--------+--------+--------+--------+-----+--------+

Top non-repeatable levels by time:
     D:1: 311 daAuts
     D:2: 306 daAuts
     D:3: 286 daAuts
     D:4: 40 daAuts
